 Dungeon Crawl Stone Soup version 0.29.1-2-gbd0b4ee654 (webtiles) character file.

Game seed: 5567836898067964847

228 Avanven the Cleaver (level 6, -6/51 HPs)
             Began as a Hill Orc Fighter on Nov 17, 2022.
             Mangled by an ogre
             ... wielding a +0 giant spiked club
              (21 damage)
             ... on level 4 of the Dungeon.
             The game lasted 00:04:43 (2995 turns).

Avanven the Cleaver (Hill Orc Fighter)              Turns: 2995, Time: 00:04:44

Health: -6/51      AC: 13    Str: 21    XL:     6   Next: 2%
Magic:  6/6        EV:  5    Int:  8    God:
Gold:   208        SH:  4    Dex: 10    Spells: 5/5 levels left

rFire   . . .      SeeInvis .   a - +0 war axe
rCold   . . .      Faith    .   c - +0 buckler
rNeg    . . .      Spirit   .   h - +1 plate armour
rPois   +          Reflect  .   (no helmet)
rElec   .          Harm     .   (no cloak)
rCorr   .          Rampage  .   (no gloves)
Will    .....                   g - +0 pair of boots
Stlth   ..........              (no amulet)
HPRegen 0.17/turn               d - ring of poison resistance
MPRegen 0.10/turn               (no ring)

@: no status effects
A: no striking features
a: no special abilities


You were on level 4 of the Dungeon.
You visited 1 branch of the dungeon, and saw 4 of its levels.

You collected 208 gold pieces.

Inventory:

Hand Weapons
 a - a +0 war axe (weapon)
Armour
 c - a +0 buckler (worn)
 g - a +0 pair of boots (worn)
 h - a +1 plate armour (worn)
Jewellery
 d - a ring of poison resistance (left hand)
 i - a ring of ice
Scrolls
 b - a scroll of poison
 l - 4 scrolls of teleportation
Potions
 e - 2 potions of invisibility {unknown}
 f - 3 potions of curing
 j - 2 potions of heal wounds {unknown}


   Skills:
 - Level 3.6 Fighting
 * Level 8.0 Axes
 - Level 3.2 Armour
 - Level 3.2 Shields


You had 5 spell levels left.
You didn't know any spells.
Your spell library was empty.

Dungeon Overview and Level Annotations

Branches:
Dungeon (4/15)
 Temple: D:4-7

Altars:
Hepliaklqana


Message History

The necrophage barely misses you.
You barely miss the necrophage.
The necrophage is almost destroyed.
The necrophage hits you but does no damage.
You closely miss the necrophage.
The necrophage is almost destroyed.
The necrophage hits you but does no damage.
You slash the necrophage!
You destroy the necrophage!
Your life force feels restored.
Your Axes skill increases to level 8!
You have reached level 6!
HP restored.
You now have 196 gold pieces (gained 10).
l - 4 scrolls of teleportation (gained 1)
You now have 208 gold pieces (gained 12).
You open the door.
There is an open door here.
You open the door.
Found a stone staircase leading down.
There is an open door here.
There is an open door here.
An ogre comes into view. It is wielding a +0 giant spiked club.
The ogre shouts!
You barely miss the ogre. The ogre hits you but does no damage.
You slash the ogre!
The ogre is moderately wounded.
The ogre hits you with a +0 giant spiked club!!
Ouch! That really hurt!
You are too injured to fight recklessly!
You barely miss the ogre.
The ogre is moderately wounded.
The ogre hits you with a +0 giant spiked club!
* * * LOW HITPOINT WARNING * * *
You hit the ogre.
The ogre is heavily wounded.
You barely miss the ogre.
The ogre is heavily wounded.
The ogre hits you with a +0 giant spiked club!!
You die...

.............#......'........
....................#........
.........§..........########.
.....##..≈._........#
.....##..≈§.........##
.....##..§§≈≈........#
##...##..............#
#...##..............#
..#..#######....@##+##
.....#######....O.......
........##..... ........#
.... ..^.....# ... .........
.. ......... . #.##.##.#


You could see an ogre.

Vanquished Creatures
  A necrophage (D:4)
  Robin (D:2)
  5 adders
  5 worms
  2 dart slugs
  2 orcs (D:3)
  3 ball pythons
  9 endoplasms
  3 giant cockroaches
  17 goblins
  6 hobgoblins
  4 jackals (D:1)
  4 quokkas
  7 bats
  4 frilled lizards
  11 kobolds
  5 rats
89 creatures vanquished.

Vanquished Creatures (others)
  4 fungi (D:1)
  4 plants (D:1)
8 creatures vanquished.

Grand Total: 97 creatures vanquished

Notes
Turn   | Place    | Note
-------+----------+-------------------------------------------
     0 | D:1      | Avanven the Hill Orc Fighter began the quest for the Orb.
     0 | D:1      | Reached XP level 1. HP: 19/19 MP: 1/1
    32 | D:1      | Reached skill level 3 in Axes
   126 | D:1      | Reached XP level 2. HP: 26/26 MP: 2/2
   131 | D:1      | Found a faded altar of an unknown god.
   346 | D:1      | Reached skill level 4 in Axes
   633 | D:1      | Reached XP level 3. HP: 27/31 MP: 3/3
  1287 | D:1      | Reached skill level 5 in Axes
  1456 | D:2      | Noticed Robin
  1465 | D:2      | Reached XP level 4. HP: 21/39 MP: 4/4
  1489 | D:2      | Killed Robin
  1490 | D:2      | Reached skill level 6 in Axes
  1966 | D:3      | Reached XP level 5. HP: 43/45 MP: 5/5
  2139 | D:3      | Reached skill level 7 in Axes
  2926 | D:4      | Found a hazy altar of Hepliaklqana.
  2938 | D:4      | Reached skill level 8 in Axes
  2938 | D:4      | Reached XP level 6. HP: 49/51 MP: 6/6
  2995 | D:4      | Mangled by an ogre

Illustrated notes

Levels and vault maps discovered:
D:1:      psy_arrival_spokes, layout_basic, dreamdust_ecumenical_altar_grove
D:2:      layout_basic, minmay_pentomino_u2, uniq_robin
D:3:      layout_loops_cross, dreamdust_mushroom_princess, grunt_ministairs_13,
          hangedman_feature_mirror, lemuel_flame_loot_1
D:4:      dreamdust_elfheim, layout_basic, mainiacjoe_overflow_chevrons,
          mainiacjoe_overflow_alcove_3, minmay_manual_macuahuitl

Skill      XL: |  1  2  3  4  5 |
---------------+----------------+-----
Axes           | 3 4 5 6 8 |  8.0
Fighting       | |  3.6
Armour         | |  3.2
Shields        | |  3.2

Action                   |  1- 3 |  4- 6 || total
-------------------------+-------+-------++-------
Melee: War axe           |   102 |   141 ||   243
  Use: Scroll            |     2 |     4 ||     6
       Potion            |     1 |       ||     1
Armor: Scale mail        |    26 |       ||    26
       Plate armour      |    32 |    91 ||   123
Dodge: Dodged            |    47 |    32 ||    79
Block: Buckler           |    16 |    27 ||    43
